Map: Central Protocol

Players

Grumm

  • Race: Zerg Zerg
  • League: Gold

sume - Winner!

  • Race: Protoss Protoss
  • League: Gold

VOD

Have the link to the VOD?

Description

Time

  • Played on: Jan. 21, 2016, 1:47 a.m.
  • Length: 18:42
Show
View Real Time Build Order
Export as new Build Order

Grumm Zerg 

Build Orders: Hatch First, Lurkers 

Get SALT Encoding   

  12  0:29  Hatchery  
  12  0:31  Drone  
  12  0:38  Drone  
  12  0:40  Drone  
  14  0:50  Overlord  
  14  1:08  Spawning Pool  
  14  1:10  Drone  
  14  1:16  Drone  
  16  1:18  Drone  
  16  1:22  Extractor  
  15  1:29  Drone  
  16  1:39  Drone  
  17  1:41  Drone  
  18  1:53  Overlord  
  18  1:57  Queen  
  20  2:10  Drone x3  
  23  2:16  Zergling x2  
  23  2:17  Zergling x2  
  25  2:48  Drone x4, Hatchery  
  28  2:53  Extractor  
  28  2:56  Metabolic Boost  
  27  3:11  Drone x4  
  27  3:12  Drone  
  32  3:15  Drone  
  32  3:44  Drone x2  
  32  3:45  Drone  
  35  3:50  Lair  
  35  3:51  Overlord x3  
  35  3:55  Roach Warren  
  35  4:00  Evolution Chamber  
  33  4:05  Spine Crawler  
  32  4:10  Evolution Chamber  
  32  4:13  Evolution Chamber  
  32  4:16  Zergling x12  
  36  4:20  Extractor  
  35  4:25  Queen  
  37  4:42  Zerg Melee Weapons Level 1  
  37  4:43  Zerg Missile Weapons Level 1  
  37  4:54  Drone x6, Extractor  
  37  4:55  Drone x3  
  45  5:11  Hydralisk Den  
  44  5:28  Drone x8  
  52  5:36  Spore Crawler  
  52  5:39  Spore Crawler  
  52  5:40  Hydralisk  
  52  5:41  Hydralisk x2  
  51  6:05  Roach x5  
  52  6:24  Drone x7  
  53  6:33  Drone x3  
  56  6:48  Queen, Extractor  
  56  6:49  Extractor  
  56  6:59  Hydralisk  
  56  7:00  Hydralisk x4  
  65  7:37  Zergling x2  
  65  7:40  Overlord x3  
  65  7:41  Overlord  
  58  7:54  Muscular Augments  
  58  7:57  Overlord x2  
  59  7:58  Zergling x2  
  59  7:59  Zergling x10  
  60  8:29  Roach  
  60  8:30  Roach x6  
  73  8:57  Spire  
  73  8:59  Zergling x16, Hatchery  
  79  9:07  Lurker Den  
  79  9:11  Zergling x8  
  83  9:27  Overlord x2  
  83  9:29  Hydralisk x4  
  90  9:45  Hydralisk x4  
  98  10:07  Hydralisk x6  
  98  10:13  Overseer  
  110  10:14  Overseer  
  99  11:01  Lurker  
  99  11:02  Lurker x3  
  99  11:03  Lurker  
  104  11:04  Lurker  
  104  11:05  Lurker  
  104  11:06  Zergling x2  
  104  11:07  Zergling x32  
  123  11:14  Drone x2  
  125  11:31  Infestation Pit  
  124  11:50  Overlord x2  
  124  11:51  Overlord  
  124  11:52  Zergling x2  
  124  11:53  Zergling x10  
  122  12:22  Zergling x2, Hydralisk x4  
  100  12:23  Hydralisk  
  69  12:43  Roach x3  
  50  13:22  Drone  
  50  13:23  Drone x8  
  50  13:24  Drone  
  60  13:46  Zergling x8  
  60  13:47  Zergling x2  
  65  13:58  Roach  
  65  13:59  Roach  
  53  14:48  Roach x12  
  53  14:49  Roach  
  70  15:03  Drone  
  70  15:04  Drone x2  
  73  15:26  Roach x4  
  73  15:27  Roach x3  
  87  15:31  Ravager x2  
  89  15:42  Roach x5  
  99  15:48  Zerg Missile Weapons Level 2  
  99  16:03  Nydus Network  
  98  16:06  Drone x6  
  104  16:39  Extractor  
  103  16:44  Roach x12  
  127  16:49  Queen  
  128  17:15  Overlord x2  
  128  17:19  Infestor  
  95  18:06  Zergling x2  
  95  18:07  Zergling x18  
Show
View Real Time Build Order
Export as new Build Order

sume Protoss - Winner!

Build Orders: 1 Gate Expand 

Get SALT Encoding   

  12  0:01  Probe (Chrono Boost)  
  13  0:11  Probe (Chrono Boost)  
  14  0:18  Pylon  
  14  0:22  Probe (Chrono Boost)  
  15  0:37  Probe (Chrono Boost)  
  15  0:40  Gateway  
  16  0:47  Probe (Chrono Boost)  
  17  0:58  Probe (Chrono Boost)  
  18  1:08  Probe (Chrono Boost)  
  20  1:25  Probe (Chrono Boost)  
  20  1:26  Nexus  
  20  1:29  Assimilator  
  20  1:32  Assimilator  
  20  1:40  Pylon  
  20  1:50  Probe (Chrono Boost)  
  22  2:01  Probe (Chrono Boost)  
  22  2:11  Cybernetics Core  
  22  2:12  Probe (Chrono Boost)  
  23  2:20  Zealot  
  23  2:22  Probe (Chrono Boost)  
  26  2:33  Probe (Chrono Boost)  
  27  2:39  Probe (Chrono Boost)  
  27  2:48  Mothership Core (Chrono Boost), Adept (Chrono Boost)  
  31  2:53  Probe  
  32  2:59  Pylon  
  32  3:05  Probe  
  33  3:10  Warp Gate  
  33  3:14  Probe (Chrono Boost)  
  33  3:17  Probe (Chrono Boost)  
  33  3:18  Adept (Chrono Boost)  
  37  3:25  Pylon  
  37  3:26  Probe (Chrono Boost)  
  38  3:28  Probe (Chrono Boost)  
  38  3:30  Robotics Facility  
  39  3:36  Probe (Chrono Boost)  
  39  3:39  Probe (Chrono Boost)  
  41  3:47  Probe (Chrono Boost)  
  42  3:50  Probe (Chrono Boost)  
  42  3:54  Assimilator  
  43  3:56  Assimilator  
  43  3:57  Probe (Chrono Boost)  
  43  4:00  Probe (Chrono Boost)  
  43  4:01  Gateway  
  45  4:05  Gateway  
  45  4:08  Probe (Chrono Boost)  
  46  4:11  Probe (Chrono Boost)  
  47  4:18  Probe (Chrono Boost)  
  47  4:21  Probe (Chrono Boost)  
  49  4:29  Probe (Chrono Boost), Stalker  
  52  4:32  Probe (Chrono Boost)  
  52  4:33  Warp Prism (Chrono Boost)  
  52  4:38  Probe (Chrono Boost)  
  55  4:43  Probe  
  57  4:56  Probe  
  57  4:57  Probe  
  59  5:10  Nexus  
  59  5:12  Pylon  
  59  5:14  Pylon  
  59  5:15  Pylon  
  59  5:16  Adept  
  61  5:30  Immortal (Chrono Boost)  
  64  5:36  Probe  
  64  5:38  Probe  
  66  5:44  Zealot x3  
  72  5:50  Probe  
  73  6:11  Zealot x2  
  73  6:12  Zealot  
  71  6:22  Immortal (Chrono Boost)  
  65  6:42  Probe  
  66  6:48  Probe  
  66  6:49  Probe  
  66  6:53  Probe  
  67  6:55  Zealot x3  
  67  6:58  Probe, Immortal (Chrono Boost)  
  79  7:01  Probe  
  79  7:03  Probe  
  81  7:09  Forge, Probe  
  81  7:10  Forge  
  81  7:13  Probe  
  81  7:14  Probe  
  84  7:19  Probe  
  84  7:20  Zealot x2  
  84  7:21  Zealot  
  91  7:24  Probe  
  92  7:32  Gateway x2  
  92  7:35  Gateway  
  92  7:41  Gateway  
  92  7:44  Gateway  
  92  7:45  Protoss Ground Weapons Level 1  
  90  7:55  Photon Cannon  
  90  7:57  Photon Cannon  
  90  8:02  Pylon  
  90  8:05  Pylon  
  90  8:11  Twilight Council  
  91  8:12  Observer (Chrono Boost)  
  91  8:19  Zealot x2  
  95  8:20  Zealot  
  95  8:31  Warp Prism (Chrono Boost)  
  91  8:35  Zealot  
  91  8:36  Probe, Zealot x2  
  98  8:48  Assimilator  
  98  8:50  Assimilator  
  98  8:51  Charge  
  98  8:55  Templar Archives  
  98  8:58  Pylon  
  98  9:02  Immortal (Chrono Boost)  
  102  9:05  Photon Cannon  
  102  9:07  Photon Cannon  
  102  9:13  Pylon  
  102  9:20  Zealot x2  
  102  9:21  Zealot x3  
  102  9:22  Zealot x3  
  118  9:38  Pylon  
  118  9:40  Pylon  
  118  9:42  Pylon, Zealot  
  118  9:43  Pylon, Zealot x6  
  118  9:45  Pylon  
  132  9:46  Pylon  
  132  9:56  Pylon  
  132  9:57  Robotics Bay  
  132  10:00  High Templar  
  132  10:03  High Templar x2  
  132  10:04  High Templar x5  
  148  10:07  Pylon  
  148  10:09  Pylon  
  148  10:10  Pylon  
  148  10:11  Protoss Ground Weapons Level 2 (Chrono Boost), Pylon  
  148  10:13  Pylon  
  148  10:16  Archon x3, Immortal  
  148  10:18  Archon  
  152  10:42  Zealot  
  152  10:43  Zealot x4  
  152  10:44  Zealot  
  152  10:49  Probe  
  159  11:01  Probe  
  160  11:05  Immortal  
  160  11:06  High Templar x4  
  160  11:07  High Templar x4  
  180  11:13  Probe  
  180  11:17  Archon x4  
  181  11:25  Probe  
  182  11:34  Nexus  
  182  11:35  Pylon  
  182  11:36  Pylon  
  182  11:37  Probe  
  183  11:40  Zealot x2  
  183  11:41  Zealot x5  
  183  11:42  Observer, Zealot  
  116  12:33  Zealot x2  
  116  12:34  Zealot x6, Immortal  
  69  13:08  Zealot x6, Immortal  
  69  13:09  Zealot x2  
  69  13:12  Probe  
  81  13:15  Probe  
  83  13:22  Probe  
  83  13:26  Probe  
  84  13:30  High Templar x3  
  84  13:33  Probe  
  91  13:36  High Templar  
  91  13:37  High Templar  
  96  13:41  High Templar x2  
  96  13:42  High Templar  
  96  13:43  Archon x2, Probe  
  96  13:47  Archon  
  96  13:48  Archon  
  103  14:07  Observer  
  96  14:20  Zealot  
  96  14:21  Zealot x6  
  96  14:22  Zealot  
  112  14:26  Observer  
  113  14:44  Observer  
  104  14:55  High Templar x5  
  104  14:56  High Templar x2  
  118  15:00  Immortal  
  118  15:03  Archon x2  
  118  15:04  Archon  
  122  15:15  Assimilator  
  122  15:18  Assimilator  
  122  15:33  Zealot x3  
  122  15:34  Zealot x4, Immortal  
  140  16:01  Observer Gravitic Boosters  
  140  16:03  Zealot x5  
  140  16:04  Zealot x2  
  154  16:24  High Templar x5  
  164  16:26  Pylon, Zealot x2  
  168  16:42  Archon x2  
  168  16:43  Archon  
  168  16:48  Immortal  
  168  16:49  Zealot x2  
  176  16:57  Zealot x4  
  176  16:58  Zealot  
  186  17:22  Zealot  
  186  17:23  Zealot x6  
  188  17:57  Zealot x5  
  188  17:58  Zealot x2  
  175  18:35  Nexus  
  175  18:36  Zealot  
Tags
 
Add a new tag
Caveats
  • Supply blocks, unpowered buildings, or Contaminate may cause inaccurate times.
  • Supply counts are checked every 10 seconds.